 Dungeon Crawl Stone Soup version 0.21.1-1-g345015fe64 (webtiles) character file.

98 Jannitor the Ducker (level 4, -3/24 HPs)
             Began as a Spriggan Chaos Knight on Apr 22, 2018.
             Slain by Natasha (8 damage)
             ... on level 3 of the Dungeon.
             The game lasted 00:06:34 (2468 turns).

Jannitor the Ducker (Spriggan Chaos Knight)         Turns: 2468, Time: 00:06:34

Health: -3/24      AC:  3    Str:  9    XL:     4   Next: 44%
Magic:  5/5        EV: 25    Int: 13    God:    Xom [...*..]
Gold:   40         SH:  0    Dex: 15    Spells: 3/3 levels left

rFire    . . .     SeeInvis +     - Unarmed
rCold    . . .     Gourm    .   (shield restricted)
rNeg     . . .     Faith    .   a - +2 robe
rPois    .         Spirit   .   (helmet restricted)
rElec    .         Reflect  .   (no cloak)
rCorr    .         Harm     .   (gloves unavailable)
MR       .....                  (boots unavailable)
Stlth    +.........             (no amulet)
HPRegen  0.08/turn              j - +5 ring of evasion
MPRegen  0.09/turn              (no ring)

@: slowed, quick
A: very small, unfitting armour, see invisible, deformed body, herbivore, speed
3, slow metabolism 2
a: Renounce Religion


You were on level 3 of the Dungeon.
You worshipped Xom.
You were a favourite toy of Xom.
You were not hungry.

You visited 1 branch of the dungeon, and saw 3 of its levels.

You collected 40 gold pieces.

Inventory:

Missiles
 t - 46 stones (quivered)
Armour
 a - a +2 robe (worn)
 e - a cursed +0 buckler
Jewellery
 j - a +5 ring of evasion (left hand)
 u - an uncursed amulet of guardian spirit {unknown}
Scrolls
 d - a scroll of identify {unknown}
 g - a scroll of immolation {unknown}
 i - 2 scrolls of amnesia {unknown}
 l - a scroll of remove curse {unknown}
 n - a scroll of teleportation {unknown}
 p - a scroll of magic mapping {unknown}
 q - a scroll of enchant weapon {unknown}
 s - a scroll of blinking {unknown}
Potions
 c - a potion of lignification {unknown}
 f - a potion of mutation {unknown}
 h - a potion of invisibility
 k - a potion of resistance {unknown}
 m - a potion of cancellation {unknown}
 o - a potion of haste {unknown}
 r - a potion of curing {unknown}
Comestibles
 b - 8 rations


   Skills:
 + Level 3.0 Fighting
 + Level 4.7 Dodging
 * Level 3.5 Unarmed Combat


You had 3 spell levels left.
You didn't know any spells.

Dungeon Overview and Level Annotations

Branches:
Dungeon (3/15)

Altars:
Ashenzari
Okawaru

Annotations:
D:3 Natasha


Innate Abilities, Weirdness & Mutations

You are very small and have problems with some larger weapons.
You are too small for most types of armour.
You have supernaturally acute eyesight. (SInv)
You are a herbivore.
You cover ground extremely quickly.
You need consume almost no food.
Armour fits poorly on your strangely shaped body.


Message History

You hit Natasha but do no damage.
Natasha is severely wounded.
Natasha misses you. The iron imp hits you. Natasha completely misses you.
You hit Natasha.
Natasha is almost dead.
The iron imp disappears in a puff of smoke!
Natasha completely misses you.
You hit Natasha.
Natasha is almost dead.
Natasha claws you! Natasha casts a spell at you.
You easily resist.
You miss Natasha.
Natasha is almost dead.
Natasha claws you.
* * * LOW HITPOINT WARNING * * *
You closely miss Natasha.
Natasha is almost dead.
Natasha barely misses you. Natasha claws you!
You die...

.# #. .. ## #####. #. ....
#. ..# # #.#########.#.##...
#..........@h......
#..#####.##.#......
#.........................
#..#.#.####.#.####.#.#...##
#..#)#......#... ....(...
#..#.#..# #.#.####.#.#...#
#..#.#..###.#.# #.#.#...#
#..#........#.# #.#.#...#
#..###..#####.####.#.#...###


You could see Natasha.

Vanquished Creatures
  3 adders
  An ooze (D:2)
  A worm (D:2)
  3 dart slugs
  A leopard gecko (D:2)
  2 orcs (D:3)
  A ball python (D:2)
  3 giant cockroaches
  9 goblins
  A goblin (shapeshifter) (D:2)
  6 hobgoblins
  2 jackals (D:2)
  A quokka (D:3)
  4 bats
  7 frilled lizards
  6 kobolds
  5 rats
56 creatures vanquished.

Notes
Turn   | Place    | Note
-------+----------+-------------------------------------------
     0 | D:1      | Jannitor the Spriggan Chaos Knight began the quest for the Orb.
     0 | D:1      | Reached XP level 1. HP: 11/11 MP: 2/2
   201 | D:1      | XOM: butterfly on damage
   318 | D:1      | Reached XP level 2. HP: 16/16 MP: 3/3
   563 | D:1      | XOM: divination: detect creatures
   659 | D:1      | XOM: cloud trail
  1089 | D:2      | Reached skill level 4 in Dodging
  1238 | D:2      | Found a shattered altar of Ashenzari.
  1375 | D:2      | XOM: potion effect (brilliance)
  1385 | D:2      | XOM: harmless Air miscast
  1387 | D:2      | XOM: cloud trail
  1398 | D:2      | Reached XP level 3. HP: 19/19 MP: 4/4
  1523 | D:2      | XOM: give mutations
  1523 | D:2      | Gained mutation: You are clumsy. (Dex -2) [Xom's mischief]
  1523 | D:2      | Gained mutation: Armour fits poorly on your strangely shaped body. [Xom's mischief]
  1523 | D:2      | Lost mutation: You are clumsy. (Dex -2) [Xom's mischief]
  1932 | D:2      | XOM: enchant monster (bad)
  1981 | D:3      | Reached XP level 4. HP: 23/23 MP: 5/5
  2050 | D:3      | XOM: god gift: 22 stones
  2353 | D:3      | Found an iron altar of Okawaru.
  2358 | D:3      | XOM: enchant monster (bad)
  2450 | D:3      | Noticed Natasha
  2468 | D:3      | Slain by Natasha

Skill      XL: |  1  2  3  4 |
---------------+-------------+-----
Dodging        | 4 |  4.7
Unarmed Combat | 3 |  3.5
Fighting       | 3 |  3.0

Action                   |  1- 3 |  4- 6 || total
-------------------------+-------+-------++-------
Melee: Unarmed           |   223 |    95 ||   318
       Punch             |     2 |     1 ||     3
Throw: Stone             |       |     2 ||     2
  Use: Potion            |       |     2 ||     2
 Stab: Sleeping          |     4 |       ||     4
       Paralysed         |     2 |       ||     2
       Invisible         |       |     7 ||     7
Armor: Robe              |    22 |     3 ||    25
Dodge: Dodged            |   202 |    96 ||   298
